 Dungeon Crawl Stone Soup version 0.25-a0-734-g73332ae (webtiles) character file.

Game seed: 6231190027794022853, levelgen mode: deterministic

84 JarJarBinks the Shield-Bearer (level 4, -2/35 HPs)
             Began as a Human Fighter on Apr 9, 2020.
             Killed by nerve-wracking pain
             ... invoked by Grinder
              (13 damage)
             ... on level 3 of the Dungeon.
             The game lasted 00:05:32 (1878 turns).

JarJarBinks the Shield-Bearer (Human Fighter)       Turns: 1878, Time: 00:05:33

Health: -2/35      AC: 11    Str: 17    XL:     4   Next: 72%
Magic:  4/4        EV:  4    Int:  9    God:
Gold:   92         SH:  9    Dex: 12    Spells: 3/3 levels left

rFire    . . .     SeeInvis .   a - +0 long sword
rCold    . . .     Gourm    .   c - +0 kite shield
rNeg     . . .     Faith    .   m - +0 chain mail
rPois    .         Spirit   .   p - +0 helmet
rElec    .         Reflect  .   (no cloak)
rCorr    .         Harm     .   i - +0 pair of gloves
MR       .....                  (no boots)
Stlth    ..........             (no amulet)
HPRegen  0.11/turn              (no ring)
MPRegen  0.09/turn              (no ring)

@: no status effects
A: no striking features
a: no special abilities


You were on level 3 of the Dungeon.
You were not hungry.

You visited 1 branch of the dungeon, and saw 3 of its levels.

You collected 92 gold pieces.

Inventory:

Hand Weapons
 a - a +0 long sword (weapon)
Armour
 b - a +0 scale mail
 c - a +0 kite shield (worn)
 i - a +0 pair of gloves (worn)
 m - a +0 chain mail (worn)
 p - a +0 helmet (worn)
Scrolls
 e - 6 scrolls of identify {unknown}
 g - a scroll of remove curse {unknown}
 j - a scroll of blinking {unknown}
 k - 2 scrolls of fog {unknown}
 n - a scroll of teleportation {unknown}
 o - a scroll of noise {unknown}
Potions
 d - a potion of might
 h - 3 potions of curing {unknown}
 l - 2 potions of stabbing {unknown}
 q - a potion of haste {unknown}
Comestibles
 f - 4 rations


   Skills:
 + Level 3.4 Fighting
 + Level 2.8 Long Blades
 + Level 3.5 Armour
 + Level 3.8 Shields


You had 3 spell levels left.
You didn't know any spells.
Your spell library was empty.

Dungeon Overview and Level Annotations

Branches:
Dungeon (3/15)

Altars:
Kikubaaqudgha
Xom
The Shining One

Annotations:
D:3 Grinder


Message History

Grinder hits you but does no damage.
You hit Grinder.
Grinder is heavily wounded.
Grinder hits you but does no damage.
You hit Grinder but do no damage.
Grinder is heavily wounded.
Grinder says, "At least Makhleb appreciates what I'm doing."
Grinder hits you but does no damage. x2
You slash Grinder!
Grinder is severely wounded.
Grinder gestures at you.
You suddenly lose the ability to move!
Grinder blinks!
You can move again.
Grinder blinks!
Things that are here:
a +0 whip; a +0 hunting sling Grinder gestures at you.
Pain shoots through your body!
You die...

......# ##
.....#
######## ....#
#.....†. ...#
#####.######
..# #......#
###.###.#....#
#.§.#........#
#)###.#####..#
#@# #.# #..#
###(###.#
#....
#.....†.#
#.##.#
#.#5..#.# #..
.. #.###.###
### # # #.#
#.# #.# ..#


You could see Grinder.

Vanquished Creatures
  3 adders
  A worm (D:2)
  A dart slug (D:3)
  2 leopard geckos
  3 giant cockroaches
  6 goblins
  3 hobgoblins
  2 jackals (D:2)
  A quokka (D:2)
  8 bats
  6 frilled lizards
  8 kobolds
  11 rats
55 creatures vanquished.

Notes
Turn   | Place    | Note
-------+----------+-------------------------------------------
     0 | D:1      | JarJarBinks the Human Fighter began the quest for the Orb.
     0 | D:1      | Reached XP level 1. HP: 18/18 MP: 1/1
   225 | D:1      | Reached XP level 2. HP: 23/24 MP: 2/2
   765 | D:2      | Found a glowing golden altar of the Shining One.
   765 | D:2      | Found a shimmering altar of Xom.
   813 | D:2      | Reached XP level 3. HP: 22/29 MP: 3/3
  1175 | D:2      | Reached XP level 4. HP: 30/35 MP: 4/4
  1706 | D:3      | Found an ancient bone altar of Kikubaaqudgha.
  1833 | D:3      | Noticed Grinder
  1837 | D:3      | Paralysed by Grinder for 6 turns
  1874 | D:3      | Paralysed by Grinder for 3 turns
  1878 | D:3      | Killed from afar by Grinder

Levels and vault maps discovered:
D:1:      onia_arrival_pentagram, layout_basic
D:2:      layout_rooms, chequers_temple_overflow_statue_of_worship
D:3:      layout_basic, kiku_gazebo_garden_becter, first_ration, uniq_grinder

Action                   |  1- 3 |  4- 6 || total
-------------------------+-------+-------++-------
Melee: Long sword        |    70 |   106 ||   176
  Eat: Ration            |     1 |       ||     1
Armor: Scale mail        |    22 |       ||    22
       Chain mail        |    47 |    93 ||   140
Dodge: Dodged            |    27 |    33 ||    60
Block: Kite shield       |    59 |    86 ||   145
       Rpst.: Long sword |     9 |     8 ||    17

Table legend:
 A = Non-vault XP
 B = Vault XP
 C = Vault XP percentage of total XP
 D = Non-vault monster count
 E = Vault monster count
 F = Vault count percentage of total count
                 A         B        C        D         E       F
            +---------+---------+-------+---------+---------+-------
      Total |     120 |       0 |   0.0 |      55 |       0 |   0.0
            +---------+---------+-------+---------+---------+-------
        D:1 |      21 |       0 |   0.0 |      15 |       0 |   0.0
        D:2 |      66 |       0 |   0.0 |      27 |       0 |   0.0
        D:3 |      33 |       0 |   0.0 |      13 |       0 |   0.0
            +---------+---------+-------+---------+---------+-------
